 Dungeon Crawl Stone Soup version 0.17.1-2-g5865329 (webtiles) character file.

110 FortyThree the Sneak (level 4, -1/21 HPs)
             Began as a Spriggan Enchanter on Jan 21, 2016.
             Slain by Grinder (4 damage)
             ... on level 3 of the Dungeon.
             The game lasted 00:06:41 (2194 turns).

FortyThree the Sneak (Spriggan Enchanter)           Turns: 2194, Time: 00:06:41

Health: -1/21      AC:  3    Str:  4    XL:     4   Next: 61%
Magic:  0/9        EV: 18    Int: 17    God:
Gold:   103        SH:  0    Dex: 16    Spells: 3 memorised, 2 levels left

rFire  . . .     SeeInvis +     a - +1 dagger
rCold  . . .     Clarity  .     b - +1 robe
rNeg   . . .     SustAt   .     (shield restricted)
rPois  .         Gourm    .     (helmet restricted)
rElec  .         Spirit   .     (no cloak)
rCorr  .         Warding  .     (gloves unavailable)
rMut   .         Stasis   .     (boots unavailable)
MR     .....                    (no amulet)
Stlth  ++++......               (no ring)
                                (no ring)

@: very quick, not resistant to hostile enchantments, stealthy
A: unfitting armour, see invisible, herbivore 3, speed 3, slow metabolism 2
a: no special abilities


You were on level 3 of the Dungeon.
You were very hungry.

You visited 1 branch of the dungeon, and saw 3 of its levels.

You collected 103 gold pieces.

Inventory:

Hand Weapons
 a - a +1 dagger (weapon)
Armour
 b - a +1 robe (worn)
Scrolls
 l - a scroll of magic mapping
Potions
 e - a potion of flight
 g - a potion of cancellation
 h - a potion of haste {unknown}
 i - a potion of berserk rage {unknown}
 j - a potion of poison {unknown}
 k - a potion of lignification {unknown}
Books
 c - a book of Maledictions

   Spells                             Type                      Level
   a - Corona                         Hexes                        1
   b - Ensorcelled Hibernation        Hexes/Ice                    2
   c - Confuse                        Hexes                        3
   d - Tukima's Dance                 Hexes                        3
   e - Dazzling Spray                 Conjuration/Hexes            3
Comestibles
 d - 2 bread rations
 f - 5 fruits


   Skills:
 + Level 2.1 Short Blades
 - Level 3.0 Dodging
 + Level 6.4 Stealth
 - Level 2.6 Spellcasting
 - Level 5.0 Hexes


You had 2 spell levels left.
You knew the following spells:

 Your Spells              Type           Power        Failure   Level  Hunger
a - Corona                Hex            ###....      2%          1    #......
b - Ensorcelled Hibernat  Hex/Ice        ##....       12%         2    ##.....
c - Confuse               Hex            ###.....     10%         3    ###....


Dungeon Overview and Level Annotations

Branches:
Dungeon (3/15)

Altars:
Fedhas
Sif Muna

Annotations:
D:3 Grinder


Innate Abilities, Weirdness & Mutations

You are tiny and cannot use many weapons and most armour.
You have supernaturally acute eyesight.
You are a herbivore.
You cover ground extremely quickly.
You need consume almost no food.


Message History

You closely miss Grinder.
Grinder is severely wounded.
Grinder gestures at you. Pain shoots through your body!
Ouch! That really hurt!
Casting: Confuse
Confirm with . or Enter, or press ? or * to list all spells.
Aiming: Confuse
Press: ? - help, Shift-Dir - straight line, f/p - Grinder
Aim: Grinder (severely wounded, chance to defeat MR: 50%) Grinder resists with some effort.
Grinder hits you.
* * * LOW HITPOINT WARNING * * *
You writhe in agony. x2
You hit Grinder but do no damage.
Grinder is severely wounded.
Grinder completely misses you.
You closely miss Grinder.
Grinder is severely wounded.
Grinder hits you.
You die...

#........5...#
############.# #.# #.# #.#
##### #.# #....
#########.####### #.###
#<............#.#######.###
#.##.#...5@)...#...........
#.##.####.#####.#######..##
#(##.# #.### #.# #..#
#.##.# #...# #.#######..#
#######.##.# ###.#
#..........## ...........#
#.# #####.....)..
#####..#### #.# #.####.##
#..†####### #.#######.# #.#
###...#.....# #.........#
#.##


You could see Grinder.

Vanquished Creatures
  Terence (D:2)
  3 adders
  An ooze (D:1)
  A worm (D:2)
  3 giant geckos
  5 giant cockroaches
  9 hobgoblins
  2 ball pythons
  5 bats
  5 giant newts
  4 goblins
  6 kobolds
  5 rats
50 creatures vanquished.

Notes
Turn   | Place    | Note
--------------------------------------------------------------
     0 | D:1      | FortyThree the Spriggan Enchanter began the quest for the Orb.
     0 | D:1      | Reached XP level 1. HP: 9/9 MP: 5/5
   193 | D:1      | Reached XP level 2. HP: 4/13 MP: 6/6
   197 | D:1      | Learned a level 2 spell: Ensorcelled Hibernation
   481 | D:1      | Reached skill level 5 in Stealth
   883 | D:2      | Reached XP level 3. HP: 16/16 MP: 8/8
  1150 | D:2      | Learned a level 3 spell: Confuse
  1402 | D:2      | Reached skill level 5 in Hexes
  1442 | D:2      | Reached skill level 6 in Stealth
  1477 | D:2      | Noticed Terence
  1498 | D:2      | Killed Terence
  1498 | D:2      | Reached XP level 4. HP: 21/21 MP: 6/9
  1716 | D:3      | Found a blossoming altar of Fedhas.
  1716 | D:3      | Found a deep blue altar of Sif Muna.
  1878 | D:3      | Noticed Grinder
  2194 | D:3      | Slain by Grinder

Action                   |  1- 3 |  4- 6 || total
-------------------------+-------+-------++-------
Melee: Dagger            |   133 |    54 ||   187
 Cast: Ensorcelled Hiber |    10 |     3 ||    13
       Confuse           |       |     8 ||     8
  Use: Scroll            |     5 |     4 ||     9
 Stab: Sleeping          |    11 |     4 ||    15
       Distracted        |     1 |       ||     1
